 Dungeon Crawl Stone Soup version 0.27-a0-1200-g94dc6ad4cf (webtiles) character file.

Game seed: 1088235289825003623

16 comborobin the Insei (level 2, -1/22 HPs)
             Began as a Djinni Transmuter on June 2, 2021.
             Slain by a giant cockroach (2 damage)
             ... on level 1 of the Dungeon.
             The game lasted 00:00:23 (393 turns).

comborobin the Insei (Djinni Transmuter)             Turns: 393, Time: 00:00:23

Health: -1/22      AC:  2    Str:  9    XL:     2   Next: 70%
Gold:   0          EV: 12    Int: 14    God:
                   SH:  0    Dex: 13

rFire    + + .     SeeInvis .     - Unarmed
rCold    x . .     Faith    .   (no shield)
rNeg     . . .     Spirit   .   a - +0 robe
rPois    ∞         Reflect  .   (helmet currently unavailable)
rElec    .         Harm     .   (no cloak)
rCorr    .         Rampage  .   (no gloves)
Will     .....                  (boots unavailable)
Stlth    +.........             (no amulet)
HPRegen  0.07/turn              (no ring)
MPRegen  0.00/turn              (no ring)

@: brilliant, appendages (expiring), flying
A: horns 2, flying, sickness immunity, fire resistance 2, cold vulnerability 1,
float, innate caster, hp casting, extra vitality 1
a: End Transformation


You were on level 1 of the Dungeon.
You had temporarily grown beastly horns.
You visited 1 branch of the dungeon, and saw 1 of its levels.

Inventory:

Armour
 a - a +0 robe (worn)


   Skills:
 - Level 1.0 Fighting
 - Level 2.1 Dodging
 + Level 3.8 Unarmed Combat
 - Level 1.5 Spellcasting


You couldn't memorise any spells.
You knew the following spells:

 Your Spells              Type           Power      Damage    Failure   Level
a - Beastly Appendage     Tmut           16%        N/A       13%         1
b - Wereblood             Tmut           8%         N/A       21%         2
c - Spider Form           Tmut/Pois      4%         N/A       36%         3
d - Ice Form              Ice/Tmut       8%         N/A       78%         4
e - Hydra Form            Tmut           4%         N/A       98%         5
Your spell library was empty.

Dungeon Overview and Level Annotations

Branches:
Dungeon (1/15)

Altars:


Innate Abilities, Weirdness & Mutations

You have temporarily grown beastly horns.
You are flying.
You are immune to sickness and miasma.
You are immune to poison.
Your flesh is very heat resistant. (rF++)
You are vulnerable to cold. (rC-)
You float through the air rather than walking.
You learn spells naturally, not from books.
Your magical power is your life essence.
You have superior vitality. (+4 HP)


Message History

The jackal closely misses you. The giant cockroach closely misses you.
Unknown command.
You barely miss the giant cockroach.
The giant cockroach is moderately wounded.
The jackal closely misses you. The giant cockroach bites you.
* * * LOW HITPOINT WARNING * * *
The jackal misses you.
Unknown command.
You hit the giant cockroach but do no damage.
The giant cockroach is moderately wounded.
The giant cockroach bites you.
* * * LOW HITPOINT WARNING * * *
The jackal misses you.
Unknown command.
You barely miss the jackal. Your headbutt misses the jackal.
The jackal is heavily wounded.
Your transformation is almost over.
The jackal misses you.
The giant cockroach bites you but does no damage.
Unknown command.
You hit the jackal. Your headbutt misses the jackal.
The jackal is severely wounded.
The jackal completely misses you.
The giant cockroach bites you but does no damage.
The jackal closely misses you.
Unknown command.
You closely miss the jackal.
The jackal is severely wounded.
The giant cockroach barely misses you. The jackal closely misses you.
Unknown command.
You hit the jackal. Your headbutt misses the jackal.
The jackal is almost dead.
The giant cockroach closely misses you. The jackal barely misses you.
The giant cockroach bites you.
* * * LOW HITPOINT WARNING * * *
Unknown command.
You hit the jackal but do no damage.
The jackal is almost dead.
The jackal barely misses you. The giant cockroach bites you.
You die...

#......(#
######.......######### #
...............#.....##.#
######...................#
#.......#....h..##..#
######.......##.##h......#
.............##gh#.......#
.............###h#.h.....#
.......####### #@#.......#
.......# #B#.......#
.......# #.######....
...##### #.. .##. ...# ##.
# ...# .. ...# #. ##### .#
)...##


You could see 2 jackals, a giant cockroach and a hobgoblin.

Vanquished Creatures
  A dart slug (D:1)
  A ball python (D:1)
  A bat (D:1)
  2 goblins (D:1)
  4 jackals (D:1)
  A kobold (D:1)
  2 rats (D:1)
12 creatures vanquished.

Notes
Turn   | Place    | Note
-------+----------+-------------------------------------------
     0 | D:1      | comborobin the Djinni Transmuter began the quest for the
                  | Orb.
     0 | D:1      | Reached XP level 1. HP: 17/17 MP: 0/0
   129 | D:1      | Reached XP level 2. HP: 19/22 MP: 0/0
   388 | D:1      | HP: 1/22 [giant cockroach (2)]
   393 | D:1      | Slain by a giant cockroach

Illustrated notes

Levels and vault maps discovered:
D:1:      tarquinn_simple_flora_water_e, layout_basic, grunt_decor_one_mirror

Action                   || total
-------------------------++-------
Melee: Unarmed           ||    65
       Punch             ||     2
       Headbutt          ||     2
 Cast: Beastly Appendage ||     1
  Use: Potion            ||     2
Armor: Robe              ||    17
Dodge: Dodged            ||    57

Table legend: (Time is in decaauts)
 A = Elapsed time spent in this place.
 B = Non-inter-level travel time spent in this place.
 C = Inter-level travel time spent in this place.
 D = Time resting spent in this place.
 E = Time spent auto-exploring this place.
 F = Levels seen in this place.
 G = Mean time per level.
                   A        B        C        D        E       F      G
               +--------+--------+--------+--------+--------+-----+--------+
         Total |    388 |    388 |      0 |    125 |    161 |   1 |  388.0 |
       Dungeon |    388 |    388 |      0 |    125 |    161 |   1 |  388.0 |
               +--------+--------+--------+--------+--------+-----+--------+

Top non-repeatable levels by time:
     D:1: 388 daAuts
